 Dungeon Crawl Stone Soup version 0.30-a0-782-ge64f9170bb (webtiles) character file.

Game seed: 12664697136049690322

60781 Rueben the Warrior (level 14, -2/186 HPs)
             Began as a Demonspawn Berserker on Mar 17, 2023.
             Was a High Priest of Trog.
             Slain by a salamander
             ... wielding a +4 halberd
              (9 damage)
             ... on level 1 of the Snake Pit.
             The game lasted 00:38:39 (15441 turns).

Rueben the Warrior (Demonspawn Berserker)          Turns: 15441, Time: 00:38:40

Health: -2/186     AC: 23    Str: 22    XL:     14   Next: 58%
Magic:  0/14       EV:  8    Int: 10    God:    Trog [*****.]
Gold:   1054       SH:  7    Dex: 19    Spells: 13/13 levels left

rFire   . . .      SeeInvis +    e - +10 quick blade of the Elven Halls {freeze, rF- rN+ rCorr Dex+3}
rCold   + . .      Faith    .    x - +0 buckler {rF+}
rNeg    + + .      Spirit   +    K - +2 plate armour {rN+}
rPois   .          Reflect  .    (helmet unavailable)
rElec   .          Harm     .    (cloak unavailable)
rCorr   +          Rampage  .    v - +0 pair of gloves
Will    +++++                    (no boots) Stlth
                                 p - amulet of regeneration
HPRegen 2.31/turn                U - +4 ring of protection
MPRegen 0.28/turn                w - ring "Pullon" {Fly Will+ Str+4 Stlth-}

@: berserking, lethally poisoned (-2 -> -2), strong-willed, flying,
regenerating, studying Fighting, very quick
A: antennae 3, claws 1, foul stench 1, magic shield, magic regeneration,
weakness stinger 3, see invisible, cold resistance 1, strong-willed 1
a: Renounce Religion, Berserk, Trog's Hand, Brothers in Arms


You were on level 1 of the Snake Pit.
You worshipped Trog.
Trog was extremely pleased with you.
You visited 3 branches of the dungeon, and saw 16 of its levels.
You also visited: Bailey.

You collected 1234 gold pieces.
You spent 180 gold pieces at shops.

Inventory:

Hand Weapons
 e - the +10 quick blade of the Elven Halls (weapon) {freeze, rF- rN+ rCorr Dex+3}
   (You acquired it on level 1 of the Dungeon)

   Dex:       It affects your dexterity (+3).
   rF:        It makes you vulnerable to fire.
   rN:        It protects you from negative energy.
   rCorr:     It protects you from acid and corrosion.
 A - a +3 great sword
 O - a +6 rapier of flaming
 T - the +10 quick blade of Ipsyikh {antimagic, SInv}
   (Trog gifted it to you on level 4 of the Lair of Beasts)

   SInv:      It lets you see invisible.
 Y - the +8 war axe "Jeunuax" {antimagic, rN+ Str+3}
   (You took it off a spriggan on level 5 of the Lair of Beasts)

   Str:       It affects your strength (+3).
   rN:        It protects you from negative energy.
Armour
 a - a +0 cloak
 v - a +0 pair of gloves (worn)
 x - a +0 buckler of fire resistance (worn)
 K - a +2 plate armour of positive energy (worn)
 X - the +1 helmet of Miuj Isufa {Will+ Dex+4}
   (You found it on level 5 of the Lair of Beasts)

   Dex:       It affects your dexterity (+4).
   Will:      It increases your willpower.
Jewellery
 b - a ring of fire
 o - an amulet of magic regeneration
 p - an amulet of regeneration (around neck)
 w - the ring "Pullon" (right hand) {Fly Will+ Str+4 Stlth-}
   (You found it on level 4 of the Dungeon)

   [ring of flight]

   Str:       It affects your strength (+4).
   Fly:       It grants you flight.
   Will:      It increases your willpower.
   Stlth:     It makes you less stealthy.
 B - a +6 ring of strength
 C - a ring of resist corrosion
 F - a ring of protection from fire
 I - the amulet of Dogma {Spirit rF++}
   (You found it in a bailey)

   [amulet of guardian spirit]

   It causes incoming damage to be divided between your reserves of health and
   magic.
   rF:        It greatly protects you from fire.
 P - a ring of poison resistance
 S - a +6 ring of intelligence
 U - a +4 ring of protection (left hand)
Wands
 m - a wand of polymorph (11)
 r - a wand of mindburst (26)
 y - a wand of acid (17)
 D - a wand of digging (4)
 G - a wand of flame (14)
 R - a wand of iceblast (10)
 V - a wand of paralysis (2)
Scrolls
 g - 5 scrolls of fear
 i - 13 scrolls of identify
 s - 4 scrolls of fog
 t - 4 scrolls of teleportation
 H - a scroll of summoning
 L - 2 scrolls of amnesia
 N - a scroll of magic mapping
 W - a scroll of torment {unknown}
 Z - a scroll of enchant armour
Potions
 c - 5 potions of ambrosia
 d - 2 potions of might
 f - 3 potions of brilliance
 h - 2 potions of haste
 j - a potion of cancellation
 k - 7 potions of lignification
 l - a potion of heal wounds
 n - a potion of resistance
 q - 9 potions of curing
 u - 5 potions of mutation
 z - 2 potions of flight
 E - 2 potions of attraction
 Q - a potion of magic {unknown}
Miscellaneous
 J - a condenser vane
 M - a tin of tremorstones (2/2)


   Skills:
 + Level 15.7 Fighting
 + Level 12.9 Short Blades
 - Level 3.0 Maces & Flails
 + Level 12.8 Armour
 - Level 3.3 Dodging
 + Level 9.2 Shields


You had 13 spell levels left.
You didn't know any spells.
Your spell library contained the following spells:

 Spells                   Type           Power      Damage    Failure   Level
 Foxfire                  Conj/Fire      0%         2x1d4     99%         1
 Shock                    Conj/Air       0%         1d3       99%         1
 Ensorcelled Hibernation  Hex/Ice        0%         N/A       100%        2
 Dazzling Flash           Conj/Hex       0%         N/A       100%        3
 Spider Form              Tmut/Pois      0%         N/A       100%        3
 Summon Guardian Golem    Hex/Summ       0%         N/A       100%        3
 Swiftness                Air            0%         N/A       100%        3
 Airstrike                Air            0%         2d(0-16)  100%        4
 Anguish                  Hex/Necr       0%         N/A       100%        4
 Iskenderun's Mystic Bla  Conj/Tloc      0%         2d3       100%        4
 Agony                    Necr           0%         N/A       100%        5
 Silence                  Hex/Air        0%         N/A       100%        5
 Iron Shot                Conj/Erth      0%         9d1       100%        6


Dungeon Overview and Level Annotations

Branches:
Dungeon (10/15)            Temple (0/1) D:7            Lair (5/5) D:10
 Shoals (0/4) Lair:2        Snake (1/4) Lair:3        Slime (0/5) Lair:4
 Bailey (visited)
    Orc: D:9-12

Altars:
Ashenzari
Cheibriados
Gozag
Kikubaaqudgha
Makhleb
Sif Muna
Uskayaw
Yredelemnul
Jiyva
Lugonu

Shops:
D:9 [:

Portals:
Abyss: Lair:5

Annotations:
D:7 4 runed translucent doors


Innate Abilities, Weirdness & Mutations

You have a pair of large antennae on your head. (SInv)
You have sharp fingernails.
You may rarely emit foul miasma when damaged in melee.
When hurt, damage is shared between your health and your magic reserves.
You regenerate magic rapidly.
You have a sharp stinger which inflicts weakening toxins.
You have supernaturally acute eyesight. (SInv)
Your flesh is cold resistant. (rC+)
You are strong-willed. (Will+)


Message History

You are engulfed in flames!
The salamander burns you.
The salamander hits you from afar with a +0 halberd.
You are engulfed in flames!
The salamander hits you but does no damage.
The naga spits poison at you.
The splash of poison hits you but does no damage.
You are more poisoned.
The salamander hits you from afar with a +4 halberd!
You are engulfed in flames!
* * * LOW HITPOINT WARNING * * *
You take 43 damage, and have 32/124 hp.
MASSIVE DAMAGE!!
You now have 2/14 mp.
A red film seems to cover your vision as you go berserk!
You feel yourself moving faster!
You feel mighty!
You feel sick.
The salamander hits you but does no damage.
The salamander hits you from afar with a +0 halberd.
* * * LOW HITPOINT WARNING * * *
You are engulfed in flames!
* * * LOW HITPOINT WARNING * * *
The salamander hits you from afar with a +4 halberd.
* * * LOW HITPOINT WARNING * * *
You are engulfed in flames!
* * * LOW HITPOINT WARNING * * *
You now have 17/186 hp.
You are too berserk!
You barely miss the salamander.
You feel sick.
You take 1 damage, and have 16/186 hp.
You puncture the salamander! You freeze the salamander!
The salamander is moderately wounded.
You puncture the salamander! You freeze the salamander.
You tail-slap the salamander, but do no damage.
The salamander is heavily wounded.
The salamander closely misses you.
You barely miss the salamander.
The salamander is heavily wounded.
You block the salamander's attack.
Found a stone staircase leading down.
You feel sick.
The salamander hits you from afar with a +4 halberd!
* * * LOW HITPOINT WARNING * * *
You are engulfed in flames!
You die...

#.##.....######........#
#.##...#..##########.###
#.##....#............#####
#...<##.###....^...........
#..####
..............###### #..
###....N.......# ..
####.......!.#.... .
#.......N....#####
{#≈≈.NN.@.....#
≈≈≈§≈N.N.....#
#≈≈≈§≈S......#
#..§§§§§......#
#..§S§§§..###...
#....≈≈§..# ... #... .≈ §..
≈..>


You could see 5 salamanders, a black mamba, a naga and a lava snake (catching
breath).

Vanquished Creatures
  Snorg (Lair:4)
  The ghost of Nammoc the Thaumaturge, a journeyman GnWn of Cheibriados (Lair:3)
  A catoblepas (Lair:1)
  7 hydras
  2 anacondas (Snake:1)
  A boulder beetle (Lair:5)
  2 two-headed ogres (D:10)
  9 death yaks (Lair:5)
  2 thrashing horrors (Lair:5)
  A naga sharpshooter (Snake:1)
  2 large abominations (Lair:5)
  A skyshark (Lair:2)
  A sea snake (Snake:1)
  An orc knight (Bailey)
  A deep elf zephyrmancer (Bailey)
  2 ugly things (Lair:5)
  3 salamanders
  A manticore (D:10)
  6 elephants (Lair:5)
  2 torpor snails (Lair:5)
  Maurice (D:8)
  A naga mage (Snake:1)
  8 black mambas
  2 smoke demons (Lair:5)
  8 cane toads
  3 rime drakes
  9 komodo dragons
  2 ancient zymes (Lair:5)
  A queen bee (Lair:3)
  A merfolk (Lair:2)
  Prince Ribbit (D:8)
  A tarantella (shapeshifter) (Lair:5)
  21 blink frogs
  A hornet (Lair:3)
  4 polar bears
  8 dream sheep
  5 slime creatures (D:8)
  A spriggan (Lair:5)
  2 ynoxinuls (Lair:5)
  A spriggan (shapeshifter) (Lair:5)
  7 wyverns
  49 yaks
  3 wraiths
  6 basilisks
  Grum (D:8)
  2 nagas (Snake:1)
  3 acid dragons
  9 water moccasins
  Duvessa (D:7)
  5 orc warriors
  2 black bears
  An ice beast (D:7)
  2 ogres (D:6)
  2 sky beasts
  13 wolves
  3 centaurs
  A phantom (D:6)
  3 kobold brigands
  6 bullfrogs
  A necrophage (D:6)
  2 scorpions
  A gnoll sergeant (D:9)
  29 wights
  Dowan (D:7)
  11 killer bees
  4 howler monkeys
  2 electric eels
  3 lava snakes (Lair:3)
  3 gnoll boudas
  2 jellies
  2 orc priests (D:4)
  8 hounds
  3 iguanas
  6 orc wizards
  14 small abominations (Lair:5)
  21 gnolls
  10 adders
  2 shadow imps (D:6)
  16 white imps
  An ufetubus (D:4)
  3 worms (D:4)
  A dart slug (D:3)
  38 orcs
  5 ball pythons
  6 bats (D:1)
  8 endoplasms
  5 giant cockroaches
  9 goblins
  7 hobgoblins
  2 jackals (D:4)
  20 kobolds
  4 quokkas
  4 frilled lizards (D:1)
  6 rats
507 creatures vanquished.

Vanquished Creatures (collateral kills)
  An orc warrior (Bailey)
  A killer bee (Lair:3)
  An orc (Bailey)
3 creatures vanquished.

Vanquished Creatures (others)
  19 fungi
  16 plants
35 creatures vanquished.

Grand Total: 545 creatures vanquished

Notes
Turn   | Place    | Note
-------+----------+-------------------------------------------
     0 | D:1      | Rueben the Demonspawn Berserker began the quest for the
                  | Orb.
     0 | D:1      | Reached XP level 1. HP: 18/18 MP: 1/1
   228 | D:1      | Discovered your monstrous ancestry.
   228 | D:1      | Gained mutation: You have a small tail. [demonic ancestry]
   228 | D:1      | Reached XP level 2. HP: 24/24 MP: 2/2
   658 | D:1      | Identified a scroll of acquirement
   658 | D:1      | Acquired the +10 quick blade of the Elven Halls {freeze,
                  | rF- rN+ rCorr Dex+3}
   791 | D:2      | Gained mutation: You have a pair of small antennae on your
                  | head. [demonic ancestry]
   791 | D:2      | Reached XP level 3. HP: 29/29 MP: 3/3
   794 | D:2      | Reached ** piety under Trog
  1104 | D:2      | Reached skill level 1 in Short Blades
  1120 | D:2      | Gained mutation: You regenerate magic rapidly. [demonic
                  | ancestry]
  1120 | D:2      | Reached XP level 4. HP: 23/35 MP: 4/4
  1306 | D:2      | Found a basalt altar of Yredelemnul.
  1489 | D:2      | Found a faded altar of an unknown god.
  1533 | D:3      | Noticed a black bear
  1546 | D:3      | Killed a black bear
  1547 | D:3      | Gained mutation: You have a pair of antennae on your head.
                  | [demonic ancestry]
  1547 | D:3      | Reached XP level 5. HP: 32/42 MP: 5/5
  1726 | D:3      | Found a large runed translucent door.
  1727 | D:3      | Found a large runed translucent door.
  1933 | D:3      | Reached skill level 4 in Fighting
  2135 | D:3      | Reached XP level 6. HP: 42/48 MP: 6/6
  2308 | D:3      | Found a snail-covered altar of Cheibriados.
  2324 | D:3      | Found a hide-covered altar of Uskayaw.
  2393 | D:4      | Gained mutation: Your flesh is cold resistant. (rC+)
                  | [potion of mutation]
  2393 | D:4      | Gained mutation: You are strong-willed. (Will+) [potion of
                  | mutation]
  2393 | D:4      | Gained mutation: You have supernaturally acute eyesight.
                  | (SInv) [potion of mutation]
  2434 | D:4      | Found an ancient bone altar of Kikubaaqudgha.
  2623 | D:4      | Found a shimmering blue altar of Sif Muna.
  2759 | D:4      | Reached *** piety under Trog
  2794 | D:4      | Gained mutation: When hurt, damage is shared between your
                  | health and your magic reserves. [demonic ancestry]
  2794 | D:4      | Reached XP level 7. HP: 53/55 MP: 7/7
  2981 | D:4      | Identified the ring "Pullon" {Fly Will+ Str+4 Stlth-}
  3192 | D:5      | Entered Level 5 of the Dungeon
  3197 | D:5      | Reached skill level 5 in Fighting
  3314 | D:5      | Found a broken altar of Ashenzari.
  3927 | D:6      | Reached **** piety under Trog
  3933 | D:6      | Gained mutation: You have sharp fingernails. [demonic
                  | ancestry]
  3933 | D:6      | Reached XP level 8. HP: 63/63 MP: 8/8
  3953 | D:6      | Reached skill level 5 in Short Blades
  3965 | D:6      | Reached skill level 6 in Fighting
  3965 | D:6      | Reached skill level 5 in Armour
  4275 | D:6      | Reached skill level 7 in Fighting
  4275 | D:6      | Gained mutation: You have a pair of large antennae on your
                  | head. (SInv) [demonic ancestry]
  4275 | D:6      | Reached XP level 9. HP: 72/72 MP: 9/9
  4893 | D:6      | Got the Atlas of the Hurtful Congregation
  4956 | D:7      | Noticed Duvessa
  4956 | D:7      | Noticed Dowan
  4959 | D:7      | Killed Dowan
  4973 | D:7      | Killed Duvessa
  5053 | D:7      | Reached skill level 8 in Fighting
  5295 | D:7      | Reached ***** piety under Trog
  5600 | D:7      | Noticed a polar bear
  5600 | D:7      | Noticed a death yak
  5601 | D:7      | Noticed a polar bear
  5602 | D:7      | Found a huge runed translucent gate.
  5602 | D:7      | Found a huge runed translucent gate.
  5602 | D:7      | Found a huge runed translucent gate.
  5602 | D:7      | Noticed a polar bear
  5602 | D:7      | Noticed a polar bear
  5608 | D:7      | Found a huge runed translucent gate.
  5609 | D:7      | Noticed a manticore
  5609 | D:7      | Found the +5 demon whip "Spellbinder" {antimagic, disrupt,
                  | Will+}
  5662 | D:7      | Found a staircase to the Ecumenical Temple.
  5867 | D:8      | Found a transporter.
  5867 | D:8      | Found a transporter.
  5873 | D:8      | Found a viscous altar of Jiyva.
  5908 | D:8      | Noticed Prince Ribbit
  5911 | D:8      | Noticed Maurice
  5922 | D:8      | Killed Prince Ribbit
  5931 | D:8      | Killed Maurice
  5932 | D:8      | Gained mutation: You have a tail ending in a sharp stinger.
                  | [demonic ancestry]
  5932 | D:8      | Reached XP level 10. HP: 71/82 MP: 7/10
  6003 | D:8      | Reached skill level 9 in Fighting
  6004 | D:8      | Noticed Grum
  6024 | D:8      | Killed Grum
  6209 | D:8      | Identified the +8 long sword of Valour {speed, rPois Str+2}
  6827 | D:9      | Found Weyska Woka's Antique Armour Boutique.
  6847 | D:9      | Found Cifapuu's Self-Improvement Boutique.
  6878 | D:9      | Reached skill level 10 in Fighting
  6899 | D:9      | Found a burning altar of Makhleb.
  6903 | D:9      | Found an opulent altar of Gozag.
  7251 | D:9      | Found a flagged portal.
  7260 | Bailey   | Entered a bailey
  7309 | Bailey   | Found a large runed translucent door.
  7309 | Bailey   | Found a large runed translucent door.
  7309 | Bailey   | Noticed a deep elf zephyrmancer
  7313 | Bailey   | Reached XP level 11. HP: 90/90 MP: 8/11
  7318 | Bailey   | Noticed an orc knight
  7352 | Bailey   | Killed an orc knight
  7524 | Bailey   | Killed a deep elf zephyrmancer
  7633 | Bailey   | Identified the amulet of Dogma {Spirit rF++}
  7835 | D:9      | Bought a glowing buckler for 180 gold pieces
  7935 | D:10     | Entered Level 10 of the Dungeon
  8027 | D:10     | Found a staircase to the Lair.
  8035 | D:10     | Reached skill level 1 in Shields
  8231 | D:10     | Noticed a two-headed ogre
  8240 | D:10     | Killed a two-headed ogre
  8673 | D:10     | Noticed a two-headed ogre
  8682 | D:10     | Killed a two-headed ogre
  9084 | Lair:1   | Entered Level 1 of the Lair of Beasts
  9201 | Lair:1   | Reached skill level 11 in Fighting
  9313 | Lair:1   | Reached skill level 10 in Short Blades
  9323 | Lair:1   | Noticed a catoblepas
  9353 | Lair:1   | Killed a catoblepas
  9354 | Lair:1   | Reached skill level 10 in Armour
  9758 | Lair:2   | Noticed a skyshark
  9772 | Lair:2   | Killed a skyshark
  9773 | Lair:2   | Gained mutation: You may rarely emit foul miasma when
                  | damaged in melee. [demonic ancestry]
  9773 | Lair:2   | Reached XP level 12. HP: 100/100 MP: 12/12
  9786 | Lair:2   | Noticed a seven-headed hydra
  9800 | Lair:2   | Killed a seven-headed hydra
  9810 | Lair:2   | Noticed a five-headed hydra
  9821 | Lair:2   | Killed a five-headed hydra
 10091 | Lair:2   | Received a gift from Trog
 10204 | Lair:2   | Noticed a four-headed hydra
 10212 | Lair:2   | Killed a four-headed hydra
 10305 | Lair:2   | Found a staircase to the Shoals.
 10392 | Lair:2   | Reached skill level 5 in Shields
 10988 | Lair:3   | Noticed a seven-headed hydra
 10997 | Lair:3   | Killed a seven-headed hydra
 11009 | Lair:3   | Reached skill level 12 in Fighting
 11250 | Lair:3   | Noticed Nammoc's ghost (journeyman GnWn)
 11257 | Lair:3   | Found a transporter.
 11260 | Lair:3   | Found a transporter.
 11525 | Lair:3   | Noticed a five-headed hydra
 11537 | Lair:3   | Killed a five-headed hydra
 11693 | Lair:3   | Found a staircase to the Snake Pit.
 12000 | Lair:3   | Killed Nammoc's ghost
 12144 | Lair:4   | Identified the +0 leather armour of the Saviour {Int+3
                  | SInv}
 12232 | Lair:4   | Gained mutation: You have a sharp stinger which inflicts
                  | weakening toxins. [demonic ancestry]
 12232 | Lair:4   | Reached XP level 13. HP: 105/109 MP: 13/13
 12300 | Lair:4   | Found a frozen archway.
 12554 | Lair:4   | Identified the +10 quick blade of Ipsyikh {antimagic, SInv}
                  | (Trog gifted it to you on level 4 of the Lair of Beasts)
 12554 | Lair:4   | Received a gift from Trog
 12566 | Lair:4   | Noticed Snorg
 12577 | Lair:4   | Killed Snorg
 12686 | Lair:4   | Reached skill level 13 in Fighting
 12999 | Lair:4   | Found a viscous altar of Jiyva.
 13000 | Lair:4   | Found a staircase to the Slime Pits.
 13201 | Lair:5   | Entered Level 5 of the Lair of Beasts
 13772 | Lair:5   | Reached skill level 14 in Fighting
 14267 | Lair:5   | Reached XP level 14. HP: 114/121 MP: 12/14
 14366 | Lair:5   | Identified the +1 helmet of Miuj Isufa {Will+ Dex+4}
 14523 | Lair:5   | Reached skill level 15 in Fighting
 14663 | Lair:5   | Identified the +8 war axe "Jeunuax" {antimagic, rN+ Str+3}
 14822 | Lair:5   | Found a corrupted altar of Lugonu.
 14822 | Lair:5   | Found a one-way gate to the infinite horrors of the Abyss.
 15172 | Snake:1  | Entered Level 1 of the Snake Pit
 15441 | Snake:1  | HP: 7/186 [salamander/+4 halberd (11)]
 15441 | Snake:1  | Slain by a salamander

Illustrated notes

Levels and vault maps discovered:
D:1:      psy_arrival_fountain, layout_basic, chequers_hall_statues_corner_a
D:2:      layout_basic, hellmonk_ecumenical_altar_lost_god, basic_altar
D:3:      layout_basic, jmf_multi_god_temple2, minmay_misc_feat_roman,
          cheibrodos_gnoll_hut
D:4:      minmay_octagon_keep, layout_basic,
          mainiacjoe_overflow_six_doors_small,
          mainiacjoe_overflow_small_starburst, serial_glass, glass_columns_a,
          glass_columns_b, glass_columns_a, glass_columns_a, item_on_display_a,
          minmay_strange_pillars, item_on_display_a
D:5:      layout_basic, old_standard_altar, chequers_serial_rivers_large_b
D:6:      minmay_cornered_nines, layout_basic, minmay_increasing_density
D:7:      lemuel_bear_cage, layout_basic, minmay_temple_entry_statues,
          serial_bayou_pond_e, uniq_duvessa
D:8:      gammafunk_jiyva_shrine, layout_rooms, kennysheep_cross_room,
          uniq_grum, uniq_maurice, uniq_prince_ribbit1
D:9:      layout_grid_maze, grunt_temple_overflow_open, serial_shops,
          nicolae_shop_window_shopping, enter_bailey_2, kennysheep_doodads,
          minmay_misc_feat_room, minivault_16, hangedman_abyss_or_decor_stagger,
          nicolae_shop_self_help
D:10:     layout_loops_ring, erik_lair_dragon
Lair:1:   layout_roguey, serial_bayou_pond_d
Lair:2:   layout_concentric_octagons, elwin_shoals_entry_rooms,
          chequers_serial_rivers_marsh, grunt_megastairs_3
Lair:3:   layout_small_grid, nicolae_snake_entry_warm_welcome,
          gammafunk_ghost_hive, infiniplex_staircase_pool, grunt_megastairs_4
Lair:4:   layout_roguey, dpeg_slime_entry_corner, portal_ice_cave_entry_imps,
          uniq_snorg
Lair:5:   hellmonk_lair_end_abyssal_woods, layout_long_grid, enter_volcano_1,
          lemuel_fruit_tree
Snake:1:  layout_rooms, serial_bayou_pond_b, st_stairs_14,
          nicolae_snake_salamander_zone

Skill      XL: |  1  2  3  4  5  6  7  8  9 10 11 12 13 14 |
---------------+-------------------------------------------+-----
Armour         | 2 3 4 6 7 9 10 11 12 | 12.8
Dodging        | 2 3 |  3.3
Maces & Flails | 3 |  3.0
Short Blades   | 1 2 3 4 6 7 9 10 11 12 | 12.9
Fighting       | 4 5 7 8 10 11 12 14 15 | 15.7
Shields        | 4 6 8 9 |  9.2

Action                     |  1- 3 |  4- 6 |  7- 9 | 10-12 | 13-15 || total
---------------------------+-------+-------+-------+-------+-------++-------
  Melee: Mace              |    65 |       |       |       |       ||    65
         Tailslap          |     7 |    13 |    54 |   148 |   220 ||   442
         Quick blade       |    23 |   104 |   428 |   725 |   994 ||  2274
         Punch             |     1 |     1 |     2 |     7 |       ||    11
         Rapier            |       |       |       |    59 |       ||    59
 Invoke: Berserk           |       |     1 |     3 |     6 |     7 ||    17
         Brothers in Arms  |       |       |       |     3 |       ||     3
         Trog's Hand       |       |       |       |     2 |     3 ||     5
  Evoke: Wand              |       |     1 |       |    26 |       ||    27
    Use: Scroll            |     6 |     8 |    10 |     4 |       ||    28
         Potion            |       |     1 |     5 |     2 |     1 ||     9
   Stab: Distracted        |     1 |     1 |       |       |       ||     2
         Sleeping          |       |     2 |       |       |       ||     2
 Armour: Animal skin       |    28 |    10 |       |       |       ||    38
         Chain mail        |       |    19 |    30 |       |       ||    49
         Plate armour      |       |       |   112 |   249 |   326 ||   687
  Dodge: Dodged            |    64 |    37 |    98 |   185 |   166 ||   550
  Block: Buckler           |       |       |       |    90 |   176 ||   266

Table legend: (Time is in decaauts)
 A = Elapsed time spent in this place.
 B = Non-inter-level travel time spent in this place.
 C = Inter-level travel time spent in this place.
 D = Time resting spent in this place.
 E = Time spent auto-exploring this place.
 F = Levels seen in this place.
 G = Mean time per level.
                   A        B        C        D        E       F      G
               +--------+--------+--------+--------+--------+-----+--------+
         Total |  14120 |  13131 |    989 |   1267 |   9181 |  17 |  830.6 |
       Dungeon |   8090 |   7400 |    690 |    447 |   5604 |  10 |  809.0 |
          Lair |   5294 |   4996 |    298 |    557 |   3411 |   5 | 1058.8 |
     Snake Pit |    201 |    201 |      0 |    104 |     40 |   1 |  201.0 |
        Bailey |    534 |    534 |      0 |    158 |    126 |   1 |  534.0 |
               +--------+--------+--------+--------+--------+-----+--------+

Top non-repeatable levels by time:
  Lair:5: 1515 daAuts
  Lair:3: 1173 daAuts
    D:10: 1073 daAuts
  Lair:2: 1041 daAuts
  Lair:4: 980 daAuts
     D:6: 904 daAuts
     D:3: 862 daAuts
     D:7: 860 daAuts
     D:2: 801 daAuts
     D:4: 758 daAuts
     D:9: 733 daAuts
     D:1: 712 daAuts
     D:5: 696 daAuts
     D:8: 688 daAuts
  Lair:1: 584 daAuts
